Blackhawks vs Stars
Created - 15 janvier 2014 at 23:49
Goals
|
| Blackhawks |
1 |
2 |
1 |
4 |
| Stars |
0 |
1 |
2 |
3 |
|
Shots
|
| Blackhawks |
11 |
11 |
13 |
35 |
| Stars |
11 |
4 |
17 |
32 |
|
1st period
1. Blackhawks , George Parros 8 (Daniel Carcillo, Christian Ehrhoff) at 8:31
Penalties :
Jan Hlavac (Dal) for Hooking (Minor) at 1:29, Antoine Vermette (Dal) for Holding (Minor) at 9:57, Colby Armstrong (Chi) for Slashing (Minor) at 18:09
2nd period
2. Stars , Antoine Vermette 11 (Randy Jones, Milan Michalek) at 0:57
3. Blackhawks , Rene Bourque 12 (Kris Versteeg, Scott Gomez) at 1:08
4. Blackhawks , George Parros 9 (Jordan Staal) at 8:11
Penalties :
David Legwand (Dal) for Tripping (Minor) at 8:33, Joe Sakic (Chi) for Holding (Minor) at 18:05
3rd period
5. Blackhawks , Joe Sakic 26 (Kris Versteeg) at 5:15 (PP)
6. Stars , Brian Gionta 5 (Patrik Elias) at 8:18
7. Stars , Marty Reasoner 6 (Patrik Elias, Randy Jones) at 12:46
Penalties :
David Legwand (Dal) for Hooking (Minor) at 5:10, Scott Gomez (Chi) for Charging (Minor) at 15:59
Goalie Stats
Roberto Luongo (Chi), 29 saves from 32 shots - (0,906), W, 20-12-3, 60:00 minutes
Pascal Leclaire (Dal), 31 saves from 35 shots - (0,886), L, 14-17-1, 59:13 minutes
Players Stats for Blackhawks
Player Name G A P +/- PIM S H SB GA TA FO MP PP MP PK MP
------------------------------------------------------------------------------------
Brad Ference 0 0 0 0 0 1 0 0 0 1 0/0 12:15 0:51 0:00
Chris Gratton 0 0 0 0 0 0 2 0 0 0 2/7 10:36 0:00 3:17
Christian Ehrhoff 0 1 1 -1 0 0 1 1 2 1 0/0 21:42 2:41 2:32
Colby Armstrong 0 0 0 0 2 1 1 0 0 0 1/1 11:02 0:39 2:01
Daniel Carcillo 0 1 1 1 0 1 1 0 0 0 0/0 13:32 0:20 1:50
George Parros 2 0 2 1 0 5 0 0 1 0 0/2 13:09 0:51 0:59
Hnat Domenichelli 0 0 0 0 0 1 0 0 0 0 1/1 7:03 0:00 0:17
Joe Sakic 1 0 1 -1 2 7 0 0 2 0 5/14 16:06 2:56 0:00
Jordan Staal 0 1 1 1 0 1 0 0 0 0 4/7 14:02 0:54 1:39
Kris Versteeg 0 2 2 0 0 6 2 0 1 0 1/2 19:50 2:28 0:00
Kristopher Letang 0 0 0 -1 0 0 1 2 2 0 0/0 22:02 3:21 2:32
Loui Eriksson 0 0 0 -1 0 2 0 2 1 1 0/2 16:38 2:44 1:51
Rene Bourque 1 0 1 0 0 4 1 0 1 0 0/1 18:52 2:28 0:00
Scott Gomez 0 1 1 0 2 1 0 0 0 0 13/22 18:35 2:02 0:00
Sergei Shirokov 0 0 0 -1 0 2 0 1 1 0 0/0 14:35 2:44 0:00
Stephane Robidas 0 0 0 1 0 2 4 3 0 1 0/0 21:51 2:39 0:00
Steve McCarthy 0 0 0 1 0 1 3 0 0 2 0/0 27:09 2:32 3:25
Wes O'Neill 0 0 0 0 0 0 0 1 0 0 0/0 15:01 0:00 3:25
Players Stats for Stars
Player Name G A P +/- PIM S H SB GA TA FO MP PP MP PK MP
------------------------------------------------------------------------------------
Alexei Morozov 0 0 0 -2 0 4 0 0 2 0 0/3 19:16 3:16 0:00
Antoine Vermette 1 0 1 1 2 3 0 0 0 2 2/7 16:07 2:38 1:02
Brendan Bell 0 0 0 0 0 0 1 0 0 0 0/0 10:57 0:00 0:00
Brian Gionta 1 0 1 2 0 1 1 1 0 1 0/0 12:29 0:03 0:00
Brian Pothier 0 0 0 0 0 1 2 0 0 0 0/0 10:57 0:00 0:00
Cory Stillman 0 0 0 -2 0 2 3 0 1 1 2/3 23:04 3:16 3:03
David Legwand 0 0 0 -2 4 2 5 1 1 0 20/30 22:03 3:16 1:43
Filip Novak 0 0 0 -1 0 0 4 1 0 2 0/0 27:11 3:15 3:05
Francis Bouillon 0 0 0 1 0 1 3 1 0 0 0/0 21:52 2:42 2:57
Jan Hlavac 0 0 0 -1 2 2 0 0 1 0 0/0 7:30 0:00 0:42
Marty Reasoner 1 0 1 2 0 1 1 1 0 0 6/11 15:45 0:00 2:58
Michael Rupp 0 0 0 -1 0 3 1 0 0 0 2/5 7:07 0:00 0:19
Milan Michalek 0 1 1 1 0 3 2 0 1 1 0/0 14:44 2:38 0:11
Patrik Elias 0 2 2 2 0 2 0 1 0 0 0/0 12:20 0:03 0:00
Pavel Kubina 0 0 0 -1 0 4 0 2 0 2 0/0 27:11 3:15 3:05
Randy Jones 0 2 2 1 0 1 1 3 0 2 0/0 21:52 2:42 2:57
Scott Walker 0 0 0 -1 0 1 1 0 0 0 0/0 8:57 0:03 2:06
Shane Doan 0 0 0 1 0 1 1 0 0 0 0/0 14:32 2:38 0:00
3 Stars
1 - George Parros (Chi)
2 - Brian Gionta (Dal)
3 - Marty Reasoner (Dal)
Power Play
Blackhawks - 1 on 4 Attempt(s) - 25,00%
Stars - 0 on 3 Attempt(s) - 0,00%
Penalty Kill
Blackhawks - 3 on 3 Attempt(s) - 100,00%
- Score 0 goal in Penalty Kill
Stars - 3 on 4 Attempt(s) - 75,00%
- Score 0 goal in Penalty Kill
Official
Referees : Watson Brad and Pochmara Brian
Linesman : Don Henderson and Derek Amell
Game Notes
No Game Note
Finance
Level 1 -- Attendance: 3989 (66,48%) -- Ticket Income 398 900 $
Level 2 -- Attendance: 3579 (71,58%) -- Ticket Income 214 740 $
Level 3 -- Attendance: 1436 (71,80%) -- Ticket Income 50 260 $
Level 4 -- Attendance: 3616 (90,40%) -- Ticket Income 72 320 $
Luxury Box -- Attendance: 631 (63,10%) -- Ticket Income 126 200 $
Game was played at the American Airlines Center
Total Attendance: 13251 (73,62%)
Total Ticket Income: 862 420 $
Other Income: 129 363 $
Total Income: 991 783 $
Blackhawks
5 vs 5 Forward
Center Left Wing Right Wing Time % Phy DF OF
1 Scott Gomez Kris Versteeg Rene Bourque 40 1 2 2
2 Joe Sakic Loui Eriksson Sergei Shirokov 30 1 2 2
3 Jordan Staal Daniel Carcillo George Parros 20 2 2 1
4 Chris Gratton Hnat Domenichelli Colby Armstrong 10 1 2 2
5 vs 5 Defense
Defense Defense Time % Phy DF OF
1 Stephane Robidas Steve McCarthy 40 1 2 2
2 Christian Ehrhoff Kristopher Letang 30 1 2 2
3 Brad Ference Wes O'Neill 20 1 2 2
4 Stephane Robidas Steve McCarthy 10 1 2 2
PowerPlay Forward
Center Left Wing Right Wing Time % Phy DF OF
1 Joe Sakic Kris Versteeg Rene Bourque 60 1 0 4
2 Scott Gomez Loui Eriksson Sergei Shirokov 40 1 0 4
PowerPlay Defense
Defense Defense Time % Phy DF OF
1 Stephane Robidas Kristopher Letang 60 1 1 3
2 Christian Ehrhoff Steve McCarthy 40 1 1 3
Penalty Kill 4 Players Forward
Center Wing Time % Phy DF OF
1 Chris Gratton Colby Armstrong 60 1 4 0
2 Jordan Staal George Parros 40 1 4 0
Penalty Kill 4 Players Defense
Defense Defense Time % Phy DF OF
1 Wes O'Neill Steve McCarthy 60 1 4 0
2 Christian Ehrhoff Kristopher Letang 40 1 4 0
Penalty Kill - 3 Players Forward
Forward Time % Phy DF OF
1 Joe Sakic 60 1 4 0
2 Colby Armstrong 40 1 4 0
Penalty Kill - 3 Players Defense
Defense Defense Time % Phy DF OF
1 Wes O'Neill Steve McCarthy 60 1 4 0
2 Kristopher Letang Brad Ference 40 1 4 0
4 vs 4 Forward
Center Wing Time % Phy DF OF
1 Joe Sakic Kris Versteeg 60 1 2 2
2 Scott Gomez Rene Bourque 40 1 2 2
4 vs 4 Defense
Defense Defense Time % Phy DF OF
1 Stephane Robidas Kristopher Letang 60 1 2 2
2 Brad Ference Steve McCarthy 40 1 2 2
Last Minutes Offensive
Center Left Wing Right Wing Defense Defense
Joe Sakic Kris Versteeg Rene Bourque Stephane Robidas Kristopher Letang
Last Minutes Defensive
Center Left Wing Right Wing Defense Defense
Joe Sakic Kris Versteeg Colby Armstrong Brad Ference Steve McCarthy
Goaltenders
Starting : Roberto Luongo
Backup : Jocelyn Thibault
Extra Forwards
Normal : George Parros, Jordan Staal, Daniel Carcillo - PP : George Parros, Jordan Staal - PK : Loui Eriksson
Extra Defensemen
Normal : Brad Ference, Kristopher Letang, Steve McCarthy - PP : Kristopher Letang - PK : Kristopher Letang, Steve McCarthy
Penalty Shots
Joe Sakic, Loui Eriksson, Kris Versteeg, Jordan Staal, Sergei Shirokov
Stars
5 vs 5 Forward
Center Left Wing Right Wing Time % Phy DF OF
1 David Legwand Cory Stillman Alexei Morozov 40 1 2 2
2 Antoine Vermette Milan Michalek Shane Doan 30 1 2 2
3 Marty Reasoner Patrik Elias Brian Gionta 20 1 2 2
4 Michael Rupp Jan Hlavac Scott Walker 10 1 2 2
5 vs 5 Defense
Defense Defense Time % Phy DF OF
1 Pavel Kubina Filip Novak 40 1 2 2
2 Francis Bouillon Randy Jones 30 1 2 2
3 Brian Pothier Brendan Bell 20 1 2 2
4 Pavel Kubina Filip Novak 10 1 2 2
PowerPlay Forward
Center Left Wing Right Wing Time % Phy DF OF
1 David Legwand Cory Stillman Alexei Morozov 60 1 2 2
2 Antoine Vermette Milan Michalek Shane Doan 40 1 2 2
PowerPlay Defense
Defense Defense Time % Phy DF OF
1 Pavel Kubina Filip Novak 60 1 2 2
2 Francis Bouillon Randy Jones 40 1 2 2
Penalty Kill 4 Players Forward
Center Wing Time % Phy DF OF
1 Marty Reasoner Cory Stillman 60 1 2 2
2 David Legwand Scott Walker 40 1 2 2
Penalty Kill 4 Players Defense
Defense Defense Time % Phy DF OF
1 Pavel Kubina Filip Novak 60 1 2 2
2 Francis Bouillon Randy Jones 40 1 2 2
Penalty Kill - 3 Players Forward
Forward Time % Phy DF OF
1 Marty Reasoner 60 1 2 2
2 Cory Stillman 40 1 2 2
Penalty Kill - 3 Players Defense
Defense Defense Time % Phy DF OF
1 Pavel Kubina Filip Novak 60 1 2 2
2 Francis Bouillon Randy Jones 40 1 2 2
4 vs 4 Forward
Center Wing Time % Phy DF OF
1 David Legwand Alexei Morozov 60 1 2 2
2 Shane Doan Cory Stillman 40 1 2 2
4 vs 4 Defense
Defense Defense Time % Phy DF OF
1 Pavel Kubina Filip Novak 60 1 2 2
2 Francis Bouillon Randy Jones 40 1 2 2
Last Minutes Offensive
Center Left Wing Right Wing Defense Defense
David Legwand Cory Stillman Alexei Morozov Pavel Kubina Filip Novak
Last Minutes Defensive
Center Left Wing Right Wing Defense Defense
Marty Reasoner Cory Stillman Scott Walker Pavel Kubina Filip Novak
Goaltenders
Starting : Pascal Leclaire
Backup : Vesa Toskala
Extra Forwards
Normal : Patrik Elias, Brian Gionta, Marty Reasoner - PP : Patrik Elias, Brian Gionta - PK : Marty Reasoner
Extra Defensemen
Normal : Brian Pothier, Brendan Bell, Francis Bouillon - PP : Brian Pothier - PK : Brendan Bell, Francis Bouillon
Penalty Shots
David Legwand, Alexei Morozov, Shane Doan, Cory Stillman, Antoine Vermette
% Time on Ice - Blackhawks
Lines # - Real PCT - Wanted PCT - Time Play
Normal Forward
1 - 37% - 40% - 17:14
2 - 25% - 30% - 11:51
3 - 24% - 20% - 11:12
4 - 14% - 10% - 6:46
Normal Defense
1 - 40% - 40% - 18:42
2 - 32% - 30% - 14:51
3 - 24% - 20% - 11:28
4 - 4% - 10% - 2:02
PP Forward
1 - 55% - 60% - 3:18
2 - 45% - 40% - 2:44
PP Defense
1 - 56% - 60% - 3:21
2 - 44% - 40% - 2:41
PK Forward
1 - 83% - 60% - 4:58
2 - 17% - 40% - 0:59
PK Defense
1 - 57% - 60% - 3:25
2 - 43% - 40% - 2:32
PK3 Forward
1 - 0% - 60%
2 - 0% - 40%
PK3 Defense
1 - 0% - 60%
2 - 0% - 40%
44 Forward
1 - 0% - 60%
2 - 0% - 40%
44 Defense
1 - 0% - 60%
2 - 0% - 40%
Last Minute Offensive - 0:00
Last Minute Defensive - 0:58
Total
Forward - 60:00
Defense - 60:00
|
% Time on Ice - Stars
Lines # - Real PCT - Wanted PCT - Time Play
Normal Forward
1 - 35% - 40% - 16:21
2 - 25% - 30% - 11:54
3 - 26% - 20% - 12:03
4 - 14% - 10% - 6:48
Normal Defense
1 - 39% - 40% - 18:28
2 - 34% - 30% - 16:13
3 - 23% - 20% - 10:57
4 - 3% - 10% - 1:28
PP Forward
1 - 56% - 60% - 3:19
2 - 44% - 40% - 2:38
PP Defense
1 - 55% - 60% - 3:15
2 - 45% - 40% - 2:42
PK Forward
1 - 65% - 60% - 3:56
2 - 35% - 40% - 2:06
PK Defense
1 - 51% - 60% - 3:05
2 - 49% - 40% - 2:57
PK3 Forward
1 - 0% - 60%
2 - 0% - 40%
PK3 Defense
1 - 0% - 60%
2 - 0% - 40%
44 Forward
1 - 0% - 60%
2 - 0% - 40%
44 Defense
1 - 0% - 60%
2 - 0% - 40%
Last Minute Offensive - 0:55
Last Minute Defensive - 0:00
Total
Forward - 60:00
Defense - 60:00
|
Play by Play
1st period
0:01 of 1st period - David Legwand wins face-off versus Scott Gomez in neutral zone.
0:50 of 1st period - Slapshot by Marty Reasoner.
0:50 of 1st period - Shot Blocked by Christian Ehrhoff.
0:52 of 1st period - Slapshot by Pavel Kubina.
0:52 of 1st period - Stopped by Roberto Luongo with a rebound.
1:10 of 1st period - Scott Walker is hit by Christian Ehrhoff and loses puck.
1:29 of 1st period - Minor Penalty to Jan Hlavac for Hooking.
1:30 of 1st period - Cory Stillman wins face-off versus Joe Sakic in Stars zone.
1:35 of 1st period - Rene Bourque is hit by Francis Bouillon and loses puck.
2:07 of 1st period - Slapshot by Loui Eriksson.
2:07 of 1st period - Shot Misses the Net.
2:51 of 1st period - Kris Versteeg is hit by Francis Bouillon and loses puck.
3:29 of 1st period - Penalty to Jan Hlavac is over, Jan Hlavac is back on ice.
4:15 of 1st period - Snap shot by Hnat Domenichelli.
4:15 of 1st period - Shot Misses the Net.
5:06 of 1st period - Icing by Marty Reasoner.
5:07 of 1st period - Hnat Domenichelli wins face-off versus Michael Rupp in Stars zone.
5:14 of 1st period - Snap shot by Colby Armstrong.
5:14 of 1st period - Stopped by Pascal Leclaire without a rebound.
5:15 of 1st period - Scott Gomez wins face-off versus Alexei Morozov in Stars zone.
6:02 of 1st period - Slapshot by Michael Rupp.
6:02 of 1st period - Stopped by Roberto Luongo with a rebound.
6:04 of 1st period - Slapshot by Randy Jones.
6:04 of 1st period - Deflect By Michael Rupp.
6:04 of 1st period - Shot Blocked by Wes O'Neill.
6:04 of 1st period - Puck is out of play.
6:05 of 1st period - Michael Rupp wins face-off versus Jordan Staal in Blackhawks zone.
6:16 of 1st period - Slapshot by Michael Rupp.
6:16 of 1st period - Stopped by Roberto Luongo with a rebound.
6:18 of 1st period - Wrist shot by Randy Jones.
6:18 of 1st period - Deflect By Kristopher Letang.
6:18 of 1st period - Stopped by Roberto Luongo without a rebound.
6:19 of 1st period - Scott Gomez wins face-off versus David Legwand in Blackhawks zone.
6:26 of 1st period - Alexei Morozov is hit by Kris Versteeg and loses puck.
6:53 of 1st period - Snap shot by Joe Sakic.
6:53 of 1st period - Deflect By Loui Eriksson.
6:53 of 1st period - Stopped by Pascal Leclaire with a rebound.
6:59 of 1st period - Snap shot by Joe Sakic.
6:59 of 1st period - Stopped by Pascal Leclaire without a rebound.
7:00 of 1st period - Jordan Staal wins face-off versus David Legwand in Stars zone.
7:05 of 1st period - Slapshot by George Parros.
7:05 of 1st period - Stopped by Pascal Leclaire with a rebound.
7:07 of 1st period - Wrist shot by Daniel Carcillo.
7:07 of 1st period - Stopped by Pascal Leclaire without a rebound.
7:08 of 1st period - Jordan Staal wins face-off versus David Legwand in Stars zone.
7:40 of 1st period - Wrist shot by Daniel Carcillo.
7:40 of 1st period - Shot Misses the Net.
8:06 of 1st period - David Legwand is hit by Daniel Carcillo and loses puck.
8:21 of 1st period - Wrist shot by Alexei Morozov.
8:21 of 1st period - Shot Misses the Net.
8:31 of 1st period - Wrist shot by George Parros.
8:31 of 1st period - Goal by George Parros - Blackhawks : 1 - Stars : 0.
8:32 of 1st period - Kris Versteeg wins face-off versus Antoine Vermette in neutral zone.
9:06 of 1st period - Wrist shot by Rene Bourque.
9:06 of 1st period - Stopped by Pascal Leclaire with a rebound.
9:57 of 1st period - Minor Penalty to Antoine Vermette for Holding.
9:58 of 1st period - Marty Reasoner wins face-off versus George Parros in Stars zone.
10:06 of 1st period - Loui Eriksson is hit by Francis Bouillon and loses puck.
11:48 of 1st period - Snap shot by Jordan Staal.
11:48 of 1st period - Stopped by Pascal Leclaire without a rebound.
11:49 of 1st period - Marty Reasoner wins face-off versus Jordan Staal in Stars zone.
11:57 of 1st period - Penalty to Antoine Vermette is over, Antoine Vermette is back on ice.
12:13 of 1st period - Marty Reasoner is hit by Chris Gratton.
12:39 of 1st period - Joe Sakic is hit by Scott Walker and loses puck.
13:23 of 1st period - Backhand shot by Christian Ehrhoff.
13:23 of 1st period - Shot Blocked by Randy Jones.
13:35 of 1st period - Icing by Francis Bouillon.
13:36 of 1st period - Chris Gratton wins face-off versus Michael Rupp in Stars zone.
13:41 of 1st period - Wrist shot by Colby Armstrong.
13:41 of 1st period - Shot Blocked by Pavel Kubina.
14:03 of 1st period - Backhand shot by Milan Michalek.
14:03 of 1st period - Stopped by Roberto Luongo with a rebound.
14:05 of 1st period - Slapshot by Pavel Kubina.
14:05 of 1st period - Stopped by Roberto Luongo with a rebound.
14:21 of 1st period - Slapshot by David Legwand.
14:21 of 1st period - Stopped by Roberto Luongo with a rebound.
14:23 of 1st period - Wrist shot by Brendan Bell.
14:23 of 1st period - Shot Blocked by Stephane Robidas.
14:37 of 1st period - Slapshot by Stephane Robidas.
14:37 of 1st period - Stopped by Pascal Leclaire with a rebound.
14:57 of 1st period - Snap shot by Colby Armstrong.
14:57 of 1st period - Shot Blocked by Patrik Elias.
15:17 of 1st period - Brendan Bell is hit by Kris Versteeg and loses puck.
15:26 of 1st period - Snap shot by Kris Versteeg.
15:26 of 1st period - Stopped by Pascal Leclaire with a rebound.
15:28 of 1st period - Slapshot by Kristopher Letang.
15:28 of 1st period - Shot Misses the Net.
15:30 of 1st period - Snap shot by Kris Versteeg.
15:30 of 1st period - Deflect By Rene Bourque.
15:30 of 1st period - Deflect By Marty Reasoner.
15:30 of 1st period - Shot Blocked by Brian Gionta.
15:30 of 1st period - Puck is out of play.
15:31 of 1st period - David Legwand wins face-off versus Joe Sakic in Stars zone.
15:40 of 1st period - Snap shot by Alexei Morozov.
15:40 of 1st period - Stopped by Roberto Luongo with a rebound.
15:55 of 1st period - Icing by Rene Bourque.
15:56 of 1st period - Scott Gomez wins face-off versus Antoine Vermette in Blackhawks zone.
16:21 of 1st period - Snap shot by George Parros.
16:21 of 1st period - Shot Blocked by Randy Jones.
16:23 of 1st period - Wrist shot by Jordan Staal.
16:23 of 1st period - Shot Misses the Net.
16:31 of 1st period - Snap shot by George Parros.
16:31 of 1st period - Stopped by Pascal Leclaire with a rebound.
16:33 of 1st period - Wrist shot by Kristopher Letang.
16:33 of 1st period - Shot Blocked by Francis Bouillon.
18:09 of 1st period - Minor Penalty to Colby Armstrong for Slashing.
18:10 of 1st period - David Legwand wins face-off versus Loui Eriksson in Blackhawks zone.
18:18 of 1st period - Snap shot by Cory Stillman.
18:18 of 1st period - Stopped by Roberto Luongo with a rebound.
18:20 of 1st period - Snap shot by David Legwand.
18:20 of 1st period - Shot Blocked by Loui Eriksson.
18:22 of 1st period - Snap shot by Cory Stillman.
18:22 of 1st period - Stopped by Roberto Luongo with a rebound.
19:02 of 1st period - Snap shot by Steve McCarthy.
19:02 of 1st period - Deflect By Daniel Carcillo.
19:02 of 1st period - Shot Misses the Net.
19:02 of 1st period - Puck is out of play.
19:03 of 1st period - Antoine Vermette wins face-off versus Chris Gratton in Stars zone.
19:20 of 1st period - Kristopher Letang is hit by David Legwand and loses puck.
19:35 of 1st period - Slapshot by Pavel Kubina.
19:35 of 1st period - Deflect By Antoine Vermette.
19:35 of 1st period - Stopped by Roberto Luongo with a rebound.
Goals for this period are 1 for Blackhawks vs 0 for Stars.
Shots for this period are 11 for Blackhawks vs 11 for Stars.
2nd period
0:01 of 2nd period - Cory Stillman wins face-off versus Loui Eriksson in neutral zone.
0:09 of 2nd period - Penalty to Colby Armstrong is over, Colby Armstrong is back on ice.
0:57 of 2nd period - Wrist shot by Antoine Vermette.
0:57 of 2nd period - Goal by Antoine Vermette - Blackhawks : 1 - Stars : 1.
0:58 of 2nd period - Scott Gomez wins face-off versus Alexei Morozov in neutral zone.
0:58 of 2nd period - Scott Gomez is hit by David Legwand.
1:02 of 2nd period - Snap shot by Kris Versteeg.
1:02 of 2nd period - Stopped by Pascal Leclaire with a rebound.
1:04 of 2nd period - Snap shot by Rene Bourque.
1:04 of 2nd period - Shot Blocked by Pavel Kubina.
1:06 of 2nd period - Snap shot by Rene Bourque.
1:06 of 2nd period - Shot Misses the Net.
1:08 of 2nd period - Wrist shot by Rene Bourque.
1:08 of 2nd period - Goal by Rene Bourque - Blackhawks : 2 - Stars : 1.
1:09 of 2nd period - David Legwand wins face-off versus Joe Sakic in neutral zone.
1:19 of 2nd period - Slapshot by Joe Sakic.
1:19 of 2nd period - Stopped by Pascal Leclaire with a rebound.
1:21 of 2nd period - Snap shot by Sergei Shirokov.
1:21 of 2nd period - Stopped by Pascal Leclaire with a rebound.
1:23 of 2nd period - Snap shot by Joe Sakic.
1:23 of 2nd period - Stopped by Pascal Leclaire with a rebound.
1:35 of 2nd period - Pavel Kubina is hit by Stephane Robidas and loses puck.
1:39 of 2nd period - Icing by Pavel Kubina.
1:40 of 2nd period - Scott Gomez wins face-off versus Marty Reasoner in Stars zone.
1:41 of 2nd period - Wrist shot by Kris Versteeg.
1:41 of 2nd period - Shot Misses the Net.
1:55 of 2nd period - Slapshot by Scott Gomez.
1:55 of 2nd period - Shot Misses the Net.
2:05 of 2nd period - Snap shot by Patrik Elias.
2:05 of 2nd period - Stopped by Roberto Luongo with a rebound.
2:29 of 2nd period - Snap shot by Colby Armstrong.
2:29 of 2nd period - Deflect By Hnat Domenichelli.
2:29 of 2nd period - Stopped by Pascal Leclaire without a rebound.
2:30 of 2nd period - David Legwand wins face-off versus Chris Gratton in Stars zone.
3:34 of 2nd period - Brad Ference is hit by Cory Stillman and loses puck.
4:31 of 2nd period - Randy Jones is hit by Stephane Robidas and loses puck.
4:40 of 2nd period - Wrist shot by Marty Reasoner.
4:40 of 2nd period - Shot Blocked by Kristopher Letang.
4:58 of 2nd period - Slapshot by George Parros.
4:58 of 2nd period - Stopped by Pascal Leclaire with a rebound.
5:00 of 2nd period - Slapshot by Stephane Robidas.
5:00 of 2nd period - Shot Misses the Net.
5:02 of 2nd period - Slapshot by Daniel Carcillo.
5:02 of 2nd period - Shot Misses the Net.
5:22 of 2nd period - Slapshot by Milan Michalek.
5:22 of 2nd period - Stopped by Roberto Luongo without a rebound.
5:23 of 2nd period - Scott Gomez wins face-off versus Marty Reasoner in Blackhawks zone.
5:32 of 2nd period - Wrist shot by Scott Gomez.
5:32 of 2nd period - Stopped by Pascal Leclaire with a rebound.
5:34 of 2nd period - Slapshot by Rene Bourque.
5:34 of 2nd period - Stopped by Pascal Leclaire without a rebound.
5:35 of 2nd period - David Legwand wins face-off versus Rene Bourque in Stars zone.
5:50 of 2nd period - Snap shot by Kris Versteeg.
5:50 of 2nd period - Stopped by Pascal Leclaire without a rebound.
5:51 of 2nd period - Joe Sakic wins face-off versus Antoine Vermette in Stars zone.
7:15 of 2nd period - Marty Reasoner is hit by Kristopher Letang and loses puck.
7:26 of 2nd period - Scott Gomez is hit by Brian Pothier and loses puck.
8:11 of 2nd period - Wrist shot by George Parros.
8:11 of 2nd period - Goal by George Parros - Blackhawks : 3 - Stars : 1.
8:12 of 2nd period - David Legwand wins face-off versus Scott Gomez in neutral zone.
8:33 of 2nd period - Minor Penalty to David Legwand for Tripping.
8:34 of 2nd period - Marty Reasoner wins face-off versus Joe Sakic in Stars zone.
9:42 of 2nd period - Antoine Vermette is hit by Rene Bourque and loses puck.
10:05 of 2nd period - Steve McCarthy is hit by Filip Novak and loses puck.
10:18 of 2nd period - Kris Versteeg is hit by Filip Novak and loses puck.
10:33 of 2nd period - Penalty to David Legwand is over, David Legwand is back on ice.
13:07 of 2nd period - Wes O'Neill is hit by Brian Gionta and loses puck.
13:25 of 2nd period - Antoine Vermette is hit by Chris Gratton and loses puck.
14:12 of 2nd period - Kris Versteeg is hit by Brendan Bell and loses puck.
14:49 of 2nd period - Sergei Shirokov is hit by Michael Rupp and loses puck.
15:13 of 2nd period - Antoine Vermette is hit by Stephane Robidas and loses puck.
15:26 of 2nd period - Brad Ference is hit by Cory Stillman.
17:20 of 2nd period - Rene Bourque is hit by David Legwand and loses puck.
17:33 of 2nd period - Icing by Scott Gomez.
17:34 of 2nd period - Marty Reasoner wins face-off versus Scott Gomez in Blackhawks zone.
17:45 of 2nd period - Wrist shot by Brian Gionta.
17:45 of 2nd period - Shot Misses the Net.
17:51 of 2nd period - Wes O'Neill is hit by Marty Reasoner and loses puck.
17:56 of 2nd period - Slapshot by Marty Reasoner.
17:56 of 2nd period - Shot Misses the Net.
17:58 of 2nd period - Wrist shot by Patrik Elias.
17:58 of 2nd period - Stopped by Roberto Luongo without a rebound.
17:59 of 2nd period - David Legwand wins face-off versus Joe Sakic in Blackhawks zone.
18:05 of 2nd period - Minor Penalty to Joe Sakic for Holding.
18:06 of 2nd period - David Legwand wins face-off versus Chris Gratton in Blackhawks zone.
19:33 of 2nd period - Antoine Vermette is hit by Steve McCarthy and loses puck.
Goals for this period are 2 for Blackhawks vs 1 for Stars.
Shots for this period are 11 for Blackhawks vs 4 for Stars.
3rd period
0:01 of 3rd period - David Legwand wins face-off versus Chris Gratton in neutral zone.
0:05 of 3rd period - Penalty to Joe Sakic is over, Joe Sakic is back on ice.
1:42 of 3rd period - Icing by Alexei Morozov.
1:43 of 3rd period - Joe Sakic wins face-off versus David Legwand in Stars zone.
1:54 of 3rd period - Wrist shot by Sergei Shirokov.
1:54 of 3rd period - Deflect By Joe Sakic.
1:54 of 3rd period - Stopped by Pascal Leclaire with a rebound.
2:08 of 3rd period - Snap shot by Shane Doan.
2:08 of 3rd period - Shot Misses the Net.
2:10 of 3rd period - Wrist shot by Pavel Kubina.
2:10 of 3rd period - Stopped by Roberto Luongo without a rebound.
2:11 of 3rd period - Scott Gomez wins face-off versus Antoine Vermette in Blackhawks zone.
2:11 of 3rd period - Scott Gomez is hit by Milan Michalek.
2:19 of 3rd period - Kris Versteeg is hit by Brian Pothier and loses puck.
2:36 of 3rd period - Brian Pothier is hit by Steve McCarthy and loses puck.
2:43 of 3rd period - Snap shot by Joe Sakic.
2:43 of 3rd period - Stopped by Pascal Leclaire without a rebound.
2:44 of 3rd period - David Legwand wins face-off versus Joe Sakic in Stars zone.
2:49 of 3rd period - Snap shot by David Legwand.
2:49 of 3rd period - Deflect By Alexei Morozov.
2:49 of 3rd period - Shot Misses the Net.
2:49 of 3rd period - Puck is out of play.
2:50 of 3rd period - Joe Sakic wins face-off versus David Legwand in Blackhawks zone.
2:50 of 3rd period - Joe Sakic is hit by Filip Novak.
3:04 of 3rd period - Wrist shot by David Legwand.
3:04 of 3rd period - Shot Blocked by Sergei Shirokov.
3:06 of 3rd period - Wrist shot by Alexei Morozov.
3:06 of 3rd period - Shot Blocked by Loui Eriksson.
4:00 of 3rd period - Slapshot by Christian Ehrhoff.
4:00 of 3rd period - Shot Blocked by Marty Reasoner.
4:38 of 3rd period - Steve McCarthy is hit by Randy Jones and loses puck.
5:10 of 3rd period - Minor Penalty to David Legwand for Hooking.
5:11 of 3rd period - Joe Sakic wins face-off versus Antoine Vermette in Stars zone.
5:13 of 3rd period - Wrist shot by Joe Sakic.
5:13 of 3rd period - Stopped by Pascal Leclaire with a rebound.
5:15 of 3rd period - Slapshot by Joe Sakic.
5:15 of 3rd period - Goal by Joe Sakic - Blackhawks : 4 - Stars : 1.
5:16 of 3rd period - David Legwand wins face-off versus Scott Gomez in neutral zone.
5:18 of 3rd period - Pavel Kubina is hit by Stephane Robidas and loses puck.
5:27 of 3rd period - Slapshot by Alexei Morozov.
5:27 of 3rd period - Stopped by Roberto Luongo with a rebound.
5:45 of 3rd period - Milan Michalek is hit by Steve McCarthy and loses puck.
6:04 of 3rd period - Backhand shot by Brian Pothier.
6:04 of 3rd period - Shot Blocked by Stephane Robidas.
6:06 of 3rd period - Slapshot by Brian Pothier.
6:06 of 3rd period - Stopped by Roberto Luongo with a rebound.
6:08 of 3rd period - Slapshot by Brendan Bell.
6:08 of 3rd period - Deflect By Jan Hlavac.
6:08 of 3rd period - Shot Hit the Post.
6:08 of 3rd period - Puck is out of play.
6:09 of 3rd period - Scott Gomez wins face-off versus David Legwand in Blackhawks zone.
6:22 of 3rd period - Slapshot by Kris Versteeg.
6:22 of 3rd period - Stopped by Pascal Leclaire with a rebound.
7:03 of 3rd period - Wrist shot by Marty Reasoner.
7:03 of 3rd period - Deflect By Brian Gionta.
7:03 of 3rd period - Shot Misses the Net.
7:03 of 3rd period - Puck is out of play.
7:04 of 3rd period - David Legwand wins face-off versus Kris Versteeg in Blackhawks zone.
7:14 of 3rd period - Icing by Steve McCarthy.
7:15 of 3rd period - David Legwand wins face-off versus Scott Gomez in Blackhawks zone.
8:06 of 3rd period - Snap shot by Patrik Elias.
8:06 of 3rd period - Deflect By Brian Gionta.
8:06 of 3rd period - Shot Misses the Net.
8:06 of 3rd period - Puck is out of play.
8:07 of 3rd period - Scott Gomez wins face-off versus Marty Reasoner in Blackhawks zone.
8:18 of 3rd period - Wrist shot by Brian Gionta.
8:18 of 3rd period - Goal by Brian Gionta - Blackhawks : 4 - Stars : 2.
8:19 of 3rd period - Scott Gomez wins face-off versus Alexei Morozov in neutral zone.
8:44 of 3rd period - Stephane Robidas is hit by Milan Michalek and loses puck.
8:49 of 3rd period - Wrist shot by Shane Doan.
8:49 of 3rd period - Stopped by Roberto Luongo without a rebound.
8:50 of 3rd period - Antoine Vermette wins face-off versus Joe Sakic in Blackhawks zone.
10:01 of 3rd period - Snap shot by Patrik Elias.
10:01 of 3rd period - Shot Hit the Post.
10:17 of 3rd period - Snap shot by Jan Hlavac.
10:17 of 3rd period - Stopped by Roberto Luongo without a rebound.
10:18 of 3rd period - Michael Rupp wins face-off versus Scott Gomez in Blackhawks zone.
10:37 of 3rd period - Wrist shot by Scott Walker.
10:37 of 3rd period - Stopped by Roberto Luongo with a rebound.
10:43 of 3rd period - Wrist shot by Jan Hlavac.
10:43 of 3rd period - Stopped by Roberto Luongo without a rebound.
10:44 of 3rd period - David Legwand wins face-off versus Joe Sakic in Blackhawks zone.
10:57 of 3rd period - Slapshot by Sergei Shirokov.
10:57 of 3rd period - Stopped by Pascal Leclaire without a rebound.
10:58 of 3rd period - David Legwand wins face-off versus Scott Gomez in Stars zone.
11:23 of 3rd period - Stephane Robidas is hit by Shane Doan and loses puck.
11:42 of 3rd period - Snap shot by Brian Gionta.
11:42 of 3rd period - Shot Misses the Net.
11:44 of 3rd period - Slapshot by Pavel Kubina.
11:44 of 3rd period - Stopped by Roberto Luongo without a rebound.
11:45 of 3rd period - Marty Reasoner wins face-off versus George Parros in Blackhawks zone.
12:46 of 3rd period - Wrist shot by Marty Reasoner.
12:46 of 3rd period - Goal by Marty Reasoner - Blackhawks : 4 - Stars : 3.
12:47 of 3rd period - Scott Gomez wins face-off versus Cory Stillman in neutral zone.
12:50 of 3rd period - Slapshot by Stephane Robidas.
12:50 of 3rd period - Shot Misses the Net.
12:52 of 3rd period - Snap shot by Rene Bourque.
12:52 of 3rd period - Stopped by Pascal Leclaire with a rebound.
12:54 of 3rd period - Slapshot by Stephane Robidas.
12:54 of 3rd period - Deflect By Cory Stillman.
12:54 of 3rd period - Stopped by Pascal Leclaire with a rebound.
12:56 of 3rd period - Slapshot by Steve McCarthy.
12:56 of 3rd period - Deflect By Kris Versteeg.
12:56 of 3rd period - Shot Misses the Net.
12:56 of 3rd period - Puck is out of play.
12:57 of 3rd period - Scott Gomez wins face-off versus David Legwand in Stars zone.
13:04 of 3rd period - Wrist shot by Kris Versteeg.
13:04 of 3rd period - Shot Blocked by Filip Novak.
13:06 of 3rd period - Slapshot by Kris Versteeg.
13:06 of 3rd period - Stopped by Pascal Leclaire without a rebound.
13:07 of 3rd period - David Legwand wins face-off versus Scott Gomez in Stars zone.
13:19 of 3rd period - Scott Gomez is hit by Filip Novak and loses puck.
13:33 of 3rd period - Icing by Rene Bourque.
13:34 of 3rd period - Scott Gomez wins face-off versus Marty Reasoner in Blackhawks zone.
13:49 of 3rd period - Wrist shot by Kris Versteeg.
13:49 of 3rd period - Shot Blocked by Randy Jones.
13:51 of 3rd period - Snap shot by Kris Versteeg.
13:51 of 3rd period - Stopped by Pascal Leclaire without a rebound.
13:52 of 3rd period - David Legwand wins face-off versus Joe Sakic in Stars zone.
14:29 of 3rd period - Snap shot by Brian Gionta.
14:29 of 3rd period - Shot Blocked by Stephane Robidas.
14:49 of 3rd period - Snap shot by Milan Michalek.
14:49 of 3rd period - Stopped by Roberto Luongo with a rebound.
14:51 of 3rd period - Snap shot by Francis Bouillon.
14:51 of 3rd period - Stopped by Roberto Luongo without a rebound.
14:52 of 3rd period - Jordan Staal wins face-off versus David Legwand in Blackhawks zone.
14:59 of 3rd period - Wrist shot by Alexei Morozov.
14:59 of 3rd period - Deflect By Cory Stillman.
14:59 of 3rd period - Shot Blocked by Kristopher Letang.
14:59 of 3rd period - Puck is out of play.
15:00 of 3rd period - David Legwand wins face-off versus Jordan Staal in Blackhawks zone.
15:40 of 3rd period - Off-side.
15:41 of 3rd period - Marty Reasoner wins face-off versus Scott Gomez in neutral zone.
15:59 of 3rd period - Minor Penalty to Scott Gomez for Charging.
16:00 of 3rd period - David Legwand wins face-off versus Chris Gratton in Blackhawks zone.
16:00 of 3rd period - Wrist shot by Alexei Morozov.
16:00 of 3rd period - Stopped by Roberto Luongo without a rebound.
16:01 of 3rd period - Chris Gratton wins face-off versus David Legwand in Blackhawks zone.
16:14 of 3rd period - David Legwand is hit by Colby Armstrong and loses puck.
16:31 of 3rd period - Wrist shot by Antoine Vermette.
16:31 of 3rd period - Stopped by Roberto Luongo with a rebound.
16:47 of 3rd period - Colby Armstrong is hit by Cory Stillman and loses puck.
17:59 of 3rd period - Penalty to Scott Gomez is over, Scott Gomez is back on ice.
18:28 of 3rd period - Snap shot by Joe Sakic.
18:28 of 3rd period - Shot Misses the Net.
18:30 of 3rd period - Wrist shot by Steve McCarthy.
18:30 of 3rd period - Stopped by Pascal Leclaire without a rebound.
18:31 of 3rd period - Joe Sakic wins face-off versus Michael Rupp in Stars zone.
18:32 of 3rd period - Snap shot by Loui Eriksson.
18:32 of 3rd period - Stopped by Pascal Leclaire with a rebound.
18:42 of 3rd period - Snap shot by Michael Rupp.
18:42 of 3rd period - Stopped by Roberto Luongo without a rebound.
18:43 of 3rd period - Jordan Staal wins face-off versus Marty Reasoner in Blackhawks zone.
18:50 of 3rd period - Wrist shot by George Parros.
18:50 of 3rd period - Shot Misses the Net.
18:52 of 3rd period - Slapshot by Brad Ference.
18:52 of 3rd period - Stopped by Pascal Leclaire with a rebound.
19:10 of 3rd period - Colby Armstrong is hit by David Legwand and loses puck.
19:13 of 3rd period - Stars, Pascal Leclaire is pulled from the net.
19:17 of 3rd period - Wrist shot by David Legwand.
19:17 of 3rd period - Stopped by Roberto Luongo without a rebound.
19:18 of 3rd period - Barry Trotz call a timeout for Stars.
19:18 of 3rd period - Colby Armstrong wins face-off versus David Legwand in Blackhawks zone.
19:23 of 3rd period - Colby Armstrong is hit by David Legwand and loses puck.
19:38 of 3rd period - Snap shot by Kris Versteeg.
19:38 of 3rd period - Shot Blocked by David Legwand.
19:57 of 3rd period - Slapshot by Alexei Morozov.
19:57 of 3rd period - Stopped by Roberto Luongo with a rebound.
Goals for this period are 1 for Blackhawks vs 2 for Stars.
Shots for this period are 13 for Blackhawks vs 17 for Stars.
Output by the SimonT Hockey Simulator (STHS) for François Prévost -- Original Page W3C XHTML 1.0 Valid